 Dungeon Crawl Stone Soup version 0.21.1-1-g345015f (webtiles) character file.

122 diana the Cudgeler (level 4, -1/40 HPs)
             Began as a Draconian Monk on July 7, 2018.
             Slain by Fathero2's ghost (3 damage)
             ... on level 3 of the Dungeon.
             The game lasted 00:03:40 (2475 turns).

diana the Cudgeler (Draconian Monk)                 Turns: 2475, Time: 00:03:41

Health: -1/40      AC:  7    Str: 15    XL:     4   Next: 78%
Magic:  4/4        EV: 13    Int: 10    God:
Gold:   123        SH:  3    Dex: 13    Spells: 3/3 levels left

rFire    . . .     SeeInvis .   a - +0 mace
rCold    . . .     Gourm    .   (no shield)
rNeg     . . .     Faith    .   (armour unavailable)
rPois    .         Spirit   .   (helmet restricted)
rElec    .         Reflect  +   (no cloak)
rCorr    .         Harm     .   (no gloves)
MR       .....                  l - +1 pair of boots
Stlth    ++........             i - +3 amulet of reflection
HPRegen  0.13/turn              (no ring)
MPRegen  0.09/turn              (no ring)

@: no status effects
A: unfitting armour, cold-blooded, AC +5
a: no special abilities


You were on level 3 of the Dungeon.
You were not hungry.

You visited 1 branch of the dungeon, and saw 3 of its levels.

You collected 123 gold pieces.

Inventory:

Hand Weapons
 a - a +0 mace (weapon)
Armour
 l - a +1 pair of boots (worn)
Jewellery
 i - a +3 amulet of reflection (around neck)
Scrolls
 c - 2 scrolls of random uselessness {unknown}
 e - a scroll of remove curse {unknown}
 f - 4 scrolls of identify
 g - a scroll of enchant armour {unknown}
 k - a scroll of blinking {unknown}
 m - a scroll of noise {unknown}
 n - a scroll of immolation {unknown}
Potions
 d - a potion of brilliance
 j - a potion of heal wounds
Comestibles
 b - 8 rations


   Skills:
 - Level 3.7 Fighting
 * Level 4.2 Maces & Flails
 - Level 3.4 Dodging
 + Level 2.6 Stealth


You had 3 spell levels left.
You didn't know any spells.

Dungeon Overview and Level Annotations

Branches:
Dungeon (3/15)

Altars:

Annotations:
D:3 Fathero2's ghost, amateur MiGl


Innate Abilities, Weirdness & Mutations

Your plain brown scales are hard. (AC +5)
You cannot fit into any form of body armour.
You are cold-blooded and may be slowed by cold attacks.


Message History

Fathero2's ghost is heavily damaged.
Fathero2's ghost hits you but does no damage.
You hit Fathero2's ghost.
Fathero2's ghost is heavily damaged.
Fathero2's ghost hits you but does no damage.
You hit Fathero2's ghost but do no damage.
Fathero2's ghost is heavily damaged.
Fathero2's ghost completely misses you.
You sock Fathero2's ghost!
Fathero2's ghost is severely damaged.
Fathero2's ghost hits you but does no damage.
You sock Fathero2's ghost!
Fathero2's ghost is severely damaged.
You feel less wooden.
Your +1 pair of boots unmelds from your body.
Fathero2's ghost barely misses you. x2
You hit Fathero2's ghost but do no damage.
Fathero2's ghost is severely damaged.
Fathero2's ghost hits you.
You die...

.######>...#)# #.#.....#
#.##.#.#####.##.####.#
#.##)..#...#.........#
#.###..#.#.####.########
. ...
#..#.#..g...........
.....
#..#.######.########
.....###.#.....##.#
.........#.....##.#
########.@W....##.#
##.........# #..#...##.#
##.######.# #.# #.# #.##
#.# #..# #.# ##.# #[#
#.# #.#


You could see Fathero2's ghost.

Vanquished Creatures
  Natasha (twice) (D:2)
  An adder (D:3)
  A worm (D:3)
  3 dart slugs
  4 orcs (D:3)
  A ball python (D:1)
  4 giant cockroaches
  7 hobgoblins
  3 jackals (D:1)
  4 kobolds
  2 quokkas
  6 bats
  4 frilled lizards
  6 goblins
  A rat (D:1)
49 creatures vanquished.

Notes
Turn   | Place    | Note
-------+----------+-------------------------------------------
     0 | D:1      | diana the Draconian Monk began the quest for the Orb.
     0 | D:1      | Reached XP level 1. HP: 19/19 MP: 1/1
    65 | D:1      | Reached XP level 2. HP: 19/26 MP: 2/2
   675 | D:1      | Reached XP level 3. HP: 29/31 MP: 3/3
   900 | D:2      | Found a faded altar of an unknown god.
  1229 | D:2      | Noticed Natasha
  1238 | D:2      | Killed Natasha
  1525 | D:2      | Reached XP level 4. HP: 40/40 MP: 4/4
  1825 | D:2      | Noticed Natasha
  1832 | D:2      | Killed Natasha
  1832 | D:2      | Reached skill level 4 in Maces & Flails
  2144 | D:3      | Noticed Fathero2's ghost (amateur MiGl)
  2469 | D:3      | HP: 3/60 [Fathero2's ghost (6)]
  2475 | D:3      | Slain by Fathero2's ghost

Skill      XL: |  1  2  3  4 |
---------------+-------------+-----
Dodging        | 3 |  3.4
Stealth        | 2 |  2.6
Maces & Flails | 4 |  4.2
Fighting       | |  3.7

Action                   |  1- 3 |  4- 6 || total
-------------------------+-------+-------++-------
Melee: Mace              |   103 |    79 ||   182
       Tailslap          |     2 |     8 ||    10
  Use: Scroll            |       |     3 ||     3
       Potion            |       |     1 ||     1
 Stab: Sleeping          |     4 |     4 ||     8
  Eat: Chunk             |     2 |     3 ||     5
Armor: Skin              |    30 |    33 ||    63
Dodge: Dodged            |    82 |    41 ||   123
Block: Other             |     7 |     7 ||    14
